 Dungeon Crawl Stone Soup version 0.29.1-2-gbd0b4ee654 (webtiles) character file.

Game seed: 2264921331492646159

121 styxcanada the Covert (level 4, -4/23 HPs)
             Began as a Spriggan Brigand on Nov 3, 2022.
             Killed from afar by Dowan (9 damage)
             ... with a puff of frost
             ... on level 4 of the Dungeon.
             The game lasted 00:13:11 (3560 turns).

styxcanada the Covert (Spriggan Brigand)            Turns: 3560, Time: 00:13:12

Health: -4/23      AC:  6    Str:  7    XL:     4   Next: 76%
Magic:  5/5        EV: 21    Int: 12    God:
Gold:   148        SH:  0    Dex: 18    Spells: 3/3 levels left

rFire   . . .      SeeInvis +   q - +2 dagger (holy)
rCold   . . .      Faith    .   (no shield)
rNeg    . . .      Spirit   .   b - +1 robe
rPois   .          Reflect  .   (helmet restricted)
rElec   .          Harm     .   n - +2 cloak
rCorr   .          Rampage  .   (gloves unavailable)
Will    .....                   (boots unavailable)
Stlth   ++++......              (no amulet)
HPRegen 0.07/turn               j - +4 ring of evasion
MPRegen 0.09/turn               (no ring)

@: very quick
A: very small, no large weapons, unfitting armour, see invisible, speed 3
a: no special abilities


You were on level 4 of the Dungeon.
You visited 1 branch of the dungeon, and saw 4 of its levels.

You collected 148 gold pieces.

Inventory:

Hand Weapons
 a - a +2 dagger
 i - a +0 sling
 q - a +2 dagger of holy wrath (weapon)
Missiles
 d - a poisoned dart (quivered)
 e - 3 curare-tipped darts
 o - 5 stones
Armour
 b - a +1 robe (worn)
 n - a +2 cloak (worn)
Magical Staves
 g - a staff of conjuration
 r - a staff of cold
Jewellery
 j - a +4 ring of evasion (left hand)
Scrolls
 f - a scroll of enchant armour
 k - a scroll of blinking {unknown}
 l - 2 scrolls of teleportation {unknown}
 u - a scroll of immolation {unknown}
 x - a scroll of poison {unknown}
Potions
 c - 2 potions of might
 m - 2 potions of heal wounds
 p - 3 potions of flight
 s - 2 potions of magic {unknown}
 t - 4 potions of curing
 v - 2 potions of invisibility {unknown}
 w - a potion of haste {unknown}
 z - a potion of ambrosia {unknown}


   Skills:
 * Level 2.1 Fighting
 + Level 2.7 Short Blades
 + Level 2.2 Throwing
 * Level 2.3 Dodging
 * Level 8.1 Stealth


You had 3 spell levels left.
You didn't know any spells.
Your spell library contained the following spells:

 Spells                   Type           Power      Damage    Failure   Level
 Shock                    Conj/Air       0%         1d3       32%         1
 Swiftness                Air            0%         N/A       69%         3
 Airstrike                Air            0%         2d(0-16)  97%         4


Dungeon Overview and Level Annotations

Branches:
Dungeon (4/15)
 Temple: D:4-7

Altars:

Annotations:
D:4 Dowan, Duvessa


Innate Abilities, Weirdness & Mutations

You are very small and have problems with some larger weapons.
You are too small for most types of armour.
You have supernaturally acute eyesight. (SInv)
You cover ground extremely quickly. (Speed+++)


Message History

Press: ? - help, Q - select action, (/) - cycle Shift-Dir - straight line, f/p - Duvessa
Aim: Duvessa, wielding a +0 rapier and wearing a +0 leather armour (lightly wounded, poisoned, 66% to hit)
You throw a poisoned dart. The poisoned dart hits Duvessa.
Duvessa looks even sicker.
Duvessa is lightly wounded.
Throw: 5 darts (poison)
Press: ? - help, Q - select action, (/) - cycle Shift-Dir - straight line, f/p - Duvessa
Aim: Duvessa, wielding a +0 rapier and wearing a +0 leather armour (moderately wounded, poisoned, 66% to hit)
You throw a poisoned dart. The poisoned dart hits Duvessa.
Duvessa looks even sicker.
Duvessa is moderately wounded.
Throw: 4 darts (poison)
Press: ? - help, Q - select action, (/) - cycle Shift-Dir - straight line, f/p - Duvessa
Aim: Duvessa, wielding a +0 rapier and wearing a +0 leather armour (moderately wounded, very poisoned, 66% to hit)
You throw a poisoned dart. The poisoned dart hits Duvessa.
Duvessa looks even sicker.
Duvessa is moderately wounded.
Throw: 3 darts (poison)
Press: ? - help, Q - select action, (/) - cycle Shift-Dir - straight line, f/p - Duvessa
Aim: Duvessa, wielding a +0 rapier and wearing a +0 leather armour (moderately wounded, very poisoned, 66% to hit)
You throw a poisoned dart.
The poisoned dart barely misses Duvessa.
Throw: 2 darts (poison)
Press: ? - help, Q - select action, (/) - cycle Shift-Dir - straight line, f/p - Duvessa
Aim: Duvessa, wielding a +0 rapier and wearing a +0 leather armour (heavily wounded, very poisoned, 66% to hit)
You throw a poisoned dart. The poisoned dart hits Duvessa.
Duvessa looks even sicker.
Duvessa is heavily wounded.
Throw: dart (poison)
Press: ? - help, Q - select action, (/) - cycle Shift-Dir - straight line, f/p - Duvessa
Aim: Duvessa, wielding a +0 rapier and wearing a +0 leather armour (heavily wounded, very poisoned, 66% to hit)
You throw a poisoned dart. The poisoned dart hits Duvessa.
Duvessa looks as sick as possible!
Duvessa is heavily wounded.
You see here a poisoned dart.
d - a poisoned dart You see here a poisoned dart.
Dowan points at you and mumbles some strange words.
The puff of frost hits you!
You die...

#### #.# #####.### #. ...# #.#
##'## #. ##.# #.# ##...## #. ##.#
##.# ##.....## #. ##.## ##..#
##..)....## #.
....########...####.........####.
...(.....(....#...+.........'....
.##.########...####.........####.
###†# ##..e@###.......## ## ###.#
####(# ##.....## # #..# #.#
##...## #.## #.# ##+## #.# #.#
#.# #.# #.# ##.###### #.#
##.#####.......# ##.#
###e.....#...###.# ...#
#.............##.#


You could see Duvessa (very poisoned) and Dowan.

Vanquished Creatures
  A hound (D:4)
  3 adders
  A dart slug (D:1)
  6 orcs
  6 ball pythons
  6 bats
  4 endoplasms
  3 giant cockroaches
  7 goblins
  5 hobgoblins
  2 quokkas
  4 frilled lizards
  6 kobolds
  3 rats
57 creatures vanquished.

Notes
Turn   | Place    | Note
-------+----------+-------------------------------------------
     0 | D:1      | styxcanada the Spriggan Brigand began the quest for the
                  | Orb.
     0 | D:1      | Reached XP level 1. HP: 10/10 MP: 2/2
    70 | D:1      | Reached skill level 6 in Stealth
   212 | D:1      | Reached XP level 2. HP: 15/15 MP: 3/3
   640 | D:1      | Reached XP level 3. HP: 18/18 MP: 4/4
  1087 | D:2      | Reached skill level 7 in Stealth
  2074 | D:3      | Identified the +1 chain mail "Zoqamiaxt" {Rampage Will++}
  2260 | D:3      | Reached XP level 4. HP: 23/23 MP: 5/5
  3248 | D:4      | Reached skill level 8 in Stealth
  3441 | D:4      | Noticed Dowan
  3442 | D:4      | Noticed Duvessa
  3474 | D:4      | HP: 1/23 [Duvessa/+0 rapier (7)]
  3560 | D:4      | Killed from afar by Dowan

Illustrated notes

Levels and vault maps discovered:
D:1:      psy_arrival_dodecagon, layout_rooms, nrook_mini_vaults,
          minmay_misc_feat_iff, chequers_serial_rivers_small_a,
          patterned_corridor
D:2:      layout_loops_cross, serial_co_window_serial, co_window_paths_b,
          co_window_corner_a, co_window_paths_a, co_window_corner_a,
          co_window_of_opportunity_a, co_window_corner_b, co_window_broadway_a,
          co_window_corner_ca, glass_columns_b, glass_columns_b
D:3:      layout_loops_ring
D:4:      layout_loops_corners, kennysheep_flooded_box, uniq_duvessa

Skill      XL: |  1  2  3  4 |
---------------+-------------+-----
Stealth        | 6 7 8 |  8.1
Dodging        | 2 |  2.3
Fighting       | 2 |  2.1
Short Blades   | |  2.7
Throwing       | |  2.2

Action                   |  1- 3 |  4- 6 || total
-------------------------+-------+-------++-------
Melee: Dagger            |    80 |    26 ||   106
       Punch             |     1 |       ||     1
Throw: Dart              |    11 |    28 ||    39
  Use: Scroll            |     1 |     5 ||     6
 Stab: Sleeping          |    18 |     3 ||    21
Armor: Robe              |     5 |     6 ||    11
Dodge: Dodged            |    38 |    17 ||    55
